 Dungeon Crawl Stone Soup version 0.13.0-65-g2bb7898 (webtiles) character file.

868 Lilouch the Magician (level 7, -1/46 HPs)
             Began as a Mummy Fire Elementalist on Nov 25, 2013.
             Slain by an adder (3 damage)
             ... on Level 6 of the Dungeon.
             The game lasted 00:27:40 (6560 turns).

Lilouch the Magician (Mummy Fire Elementalist)      Turns: 6560, Time: 00:27:40

HP  -1/46        AC  3     Str 13      XL: 7   Next: 56%
MP  16/18        EV 12     Int 16      God:
Gold 83          SH  0     Dex 12      Spells:  5 memorised,  1 level left

Res.Fire  : x . .   See Invis. : .   e - +1,+2 dwarf dagger (vamp)
Res.Cold  : + . .   Warding    : .   a - +0 robe (curse)
Life Prot.: + + +   Conserve   : .   (no shield)
Res.Poison: +       Res.Corr.  : .   (no helmet)
Res.Elec. : .       Clarity    : .   (no cloak)
Sust.Abil.: . .     Spirit.Shd : .   d - +0 pair of gloves
Res.Mut.  : .       Stasis     : .   (no boots)
Res.Rott. : +       Flight     : .   (no amulet)
Saprovore : . . .                    K - ring of protection from magic
                                     x - +2 ring of strength

@: very slightly contaminated, quite resistant to hostile enchantments,
unstealthy
A: no food or potions, fire vulnerability, restore body, cold resistance 1, life
protection 3, poison resistance, torment resistance, unbreathing
a: no special abilities


You were on level 6 of the Dungeon.
You were not hungry.

You visited 1 branch of the dungeon, and saw 6 of its levels.

You collected 129 gold pieces.
You spent 66 gold pieces at shops.

Inventory:

Hand weapons
 e - a +1,+2 dwarven vampiric dagger (weapon)
 j - a +0,+0 dagger
 k - a cursed -3,-3 dagger
 l - a +0,+0 spear
 m - a +1,+1 whip of venom
 q - a +2,+1 sling
 s - a +2,+0 dagger
 u - a +4,+0 orcish mace
 w - a +3,+0 elven dagger (quivered)
 A - a +0 blowgun
 D - a +0 blowgun
 E - a +0,+0 dagger
 I - a +0 blowgun
 J - a cursed -3,+0 spear
 M - a -1,+0 orcish spear
 N - a -1,+0 orcish spear
 O - a -1,+0 orcish spear
Missiles
 f - 9 sling bullets of flame
 i - 26 sling bullets
 p - 7 needles of sleeping
 z - 7 silver sling bullets
 B - 53 poisoned needles
 F - 2 poisoned darts
 P - 5 needles of slowing
Armour
 a - a cursed +0 robe (worn)
 d - a +0 pair of gloves (worn)
Scrolls
 c - 4 scrolls of teleportation
 h - a scroll of identify
 n - 3 scrolls of enchant armour
 o - 4 scrolls of fear
 r - 2 scrolls of noise
 t - a scroll of enchant weapon II {unknown}
 v - 2 scrolls of remove curse {unknown}
 y - a scroll of curse armour {unknown}
 C - a scroll of enchant weapon I {unknown}
 G - a scroll of fog
 H - a scroll of enchant weapon III {unknown}
 L - a scroll of summoning {unknown}
Jewellery
 x - a +2 ring of strength (left hand)
 K - a ring of protection from magic (right hand)
Books
 b - a book of Flames

   Spells                             Type                      Level
   *Flame Tongue                      Conjuration/Fire             1
   *Throw Flame                       Conjuration/Fire             2
   *Conjure Flame                     Conjuration/Fire             3
   Inner Flame                        Hexes/Fire                   3
   *Sticky Flame                      Conjuration/Fire             4
   *Fireball                          Conjuration/Fire             5


   Skills:
 - Level 1.5 Dodging
 - Level 1.5 Stealth
 + Level 5.3 Spellcasting
 + Level 3.6 Conjurations
 * Level 4.1 Fire Magic


You had one spell level left.
You knew the following spells:

 Your Spells              Type           Power        Failure   Level  Hunger
a - Flame Tongue          Conj/Fire      ###..        3%          1    N/A
b - Conjure Flame         Conj/Fire      ###.....     12%         3    N/A
c - Throw Flame           Conj/Fire      ###...       6%          2    N/A
d - Sticky Flame          Conj/Fire      ###.....     34%         4    N/A
e - Fireball              Conj/Fire      ###.......   85%         5    N/A

Dungeon Overview and Level Annotations

Branches:
Dungeon (6/27)
 Temple: D:4-7          Orc: D:6-11

Altars:

Shops:
D:4 *   D:6 [(

Annotations:
D:3 Sigmund
D:5 Grinder


Innate Abilities, Weirdness & Mutations

You do not eat or drink.
Your flesh is vulnerable to fire.
Your flesh is cold resistant.
You are immune to negative energy.
Your system is resistant to poisons.
You are immune to unholy pain and torment.
You can survive without breathing.


Message History

* * * LOW HITPOINT WARNING * * *
The giant cockroach bites you.
* * * LOW HITPOINT WARNING * * *
Casting: Flame Tongue
Confirm with . or Enter, or press ? or * to list all spells.
You don't know that spell.
Casting: Flame Tongue
Confirm with . or Enter, or press ? or * to list all spells.
Aiming: Flame Tongue
Press: ? - help, Shift-Dir - straight line, f - adder, p - giant cockroach
Aim: an adder The flame hits the adder.
The adder is moderately wounded.
The adder bites you.
* * * LOW HITPOINT WARNING * * *
The giant cockroach barely misses you. The adder barely misses you.
You hit the adder.
The adder is heavily wounded.
The giant cockroach barely misses you. The adder bites you.
You die...

#.#.......... #.#
#.#.........∩ #.# #.#.......#
#.# .######.#....?..# #.#
.................# #.#
.######.#.......# #.#
.######.##############.#####
#.............####..........#
..........(.%S@sz..........#
####.........####..........#
########### ############


You could see a wight, an adder and a giant cockroach.

Vanquished Creatures
  Menkaure (D:5)
  A phantom (D:5)
  An ogre (D:4)
  2 giant frogs
  A wight (D:5)
  An orc priest (D:5)
  A goliath beetle (D:5)
  3 worker ants
  Ijyb (D:5)
  5 adders
  A giant mite (D:1)
  3 worms
  3 giant geckos
  An ooze (D:6)
  3 orcs
  2 ball pythons (D:3)
  12 bats
  5 giant cockroaches
  9 goblins
  10 hobgoblins
  22 jackals
  14 kobolds
  2 quokkas
  A giant newt (D:1)
  12 rats
117 creatures vanquished.

Notes
Turn   | Place    | Note
--------------------------------------------------------------
     0 | D:1      | Lilouch, the Mummy Fire Elementalist, began the quest for the Orb.
     0 | D:1      | Reached XP level 1. HP: 13/13 MP: 3/3
    52 | D:1      | Reached skill level 1 in Conjurations
   177 | D:1      | Reached XP level 2. HP: 19/19 MP: 4/4
   877 | D:1      | Reached XP level 3. HP: 20/24 MP: 1/6
  2135 | D:3      | Noticed Sigmund
  2146 | D:3      | Learned a level 3 spell: Conjure Flame
  2562 | D:2      | Reached XP level 4. HP: 28/30 MP: 2/8
  3768 | D:4      | Reached skill level 3 in Spellcasting
  4056 | D:4      | Reached XP level 5. HP: 35/35 MP: 8/11
  4208 | D:4      | Noticed an ogre
  4252 | D:4      | Killed an ogre
  4414 | D:4      | Found Brusoig's General Store.
  4423 | D:4      | Bought a scroll of random uselessness for 11 gold pieces
  4423 | D:4      | Bought a scroll of fog for 22 gold pieces
  4423 | D:4      | Bought a scroll of teleportation for 33 gold pieces
  4647 | D:5      | Entered Level 5 of the Dungeon
  4668 | D:5      | Noticed Ijyb
  4687 | D:5      | Killed Ijyb
  4687 | D:5      | Reached skill level 4 in Spellcasting
  4687 | D:5      | Reached XP level 6. HP: 35/41 MP: 3/14
  4812 | D:5      | Noticed a phantom
  4818 | D:5      | Killed a phantom
  5025 | D:5      | Noticed Menkaure
  5034 | D:5      | Killed Menkaure
  5034 | D:5      | Reached XP level 7. HP: 46/46 MP: 6/17
  5190 | D:5      | Reached skill level 5 in Spellcasting
  5796 | D:4      | Learned a level 2 spell: Throw Flame
  5801 | D:4      | Learned a level 4 spell: Sticky Flame
  5807 | D:4      | Learned a level 5 spell: Fireball
  6400 | D:6      | Found Ipraurub's Weapon Emporium.
  6478 | D:6      | Found Civadgh's Antique Armour Shoppe.
  6513 | D:6      | Noticed Grinder
  6559 | D:6      | HP: 2/46 [adder (1)]
  6560 | D:6      | Slain by an adder

Action                   |  1- 3 |  4- 6 |  7- 9 || total
-------------------------+-------+-------+-------++-------
Melee: Dagger            |   113 |    43 |    68 ||   224
Throw: Dagger            |       |     1 |       ||     1
 Cast: Flame Tongue      |    52 |   110 |    49 ||   211
       Conjure Flame     |     1 |     6 |     4 ||    11
  Use: Scroll            |       |       |     6 ||     6
 Stab: Sleeping          |       |       |     1 ||     1
